 Dungeon Sprint DCSS version 0.28-a0-691-gad6df49e81 (webtiles) character file.

Game seed: 10997285704320170034

184 Rocko1345 the Prestidigitator (level 5, -7/25 HPs)
             Began as a Spriggan Artificer on Oct 22, 2021.
             Killed from afar by a deep elf pyromancer (26 damage)
             ... with a bolt of fire
             ... in the Dungeon (Sprint III: "The Ten Rune Challenge").
             The game lasted 00:05:14 (703 turns).

Rocko1345 the Prestidigitator (Spriggan Artificer)   Turns: 703, Time: 00:05:16

Health: -7/25      AC:  2    Str:  8      XL:     5   Next: 36%
Magic:  6/6        EV: 20    Int: 13      God:
Gold:   6          SH:  0    Dex: 15 (16) Spells: 3/4 levels left

rFire   . . .      SeeInvis +   m - +0 dagger (venom)
rCold   . . .      Faith    .   (shield restricted)
rNeg    . . .      Spirit   .   b - +0 robe
rPois   .          Reflect  .   (helmet restricted)
rElec   .          Harm     .   (no cloak)
rCorr   .          Rampage  .   (gloves unavailable)
Will    +....      NoTele   +   (boots unavailable)
Stlth   ++........              (no amulet)
HPRegen 0.08/turn               l - ring of willpower
MPRegen 0.10/turn               (no ring)

@: very quick
A: very small, no large weapons, unfitting armour, see invisible, speed 3, wild
magic 1, no potion heal 1, MP-powered wands
a: no special abilities


You were in the Dungeon.
You visited 1 branch You collected 6 gold pieces.

Inventory:

Hand Weapons
 a - a +0 club
 m - a +0 dagger of venom (weapon)
 o - a +2 quarterstaff of chaos
Missiles
 n - 5 boomerangs
Armour
 b - a +0 robe (worn)
 p - a +0 cloak
Jewellery
 l - a ring of willpower (left hand)
Wands
 c - a wand of flame (4) (quivered)
 d - a wand of charming (15)
Scrolls
 k - a scroll of blinking
 r - a scroll of torment {unknown}
 s - 2 scrolls of identify
 u - a scroll of immolation {unknown}
Potions
 f - a potion of curing
 g - a potion of heal wounds
 h - a potion of haste
 i - 2 potions of magic
 j - a potion of berserk rage
 q - a potion of mutation
 t - a potion of flight {unknown}
 v - a potion of cancellation {unknown}
 w - a potion of might {unknown}
Miscellaneous
 e - a piece from Xom's chessboard (15/15)


   Skills:
 + Level 1.0 Fighting
 + Level 6.7 Dodging
 + Level 2.7 Stealth
 * Level 13.4 Evocations


You had 3 spell levels left.
You knew the following spells:

 Your Spells              Type           Power      Damage    Failure   Level
a - Animate Skeleton      Necr           0%         N/A       38%         1

Your spell library contained the following spells:

 Spells                   Type           Power      Damage    Failure   Level
 Apportation              Tloc           0%         N/A       38%         1
 Summon Small Mammal      Summ           0%         N/A       38%         1
 Slow                     Hex            0%         N/A       52%         2
 Confusing Touch          Hex            0%         N/A       75%         3
 Yara's Violent Unravell  Hex/Tmut       0%         3d3       100%        5


Dungeon Overview and Level Annotations

Branches:
Dungeon (1/1)

Altars:
Elyvilon
Kikubaaqudgha
Sif Muna
Vehumet
Zin
The Shining One


Innate Abilities, Weirdness & Mutations

You are very small and have problems with some larger weapons.
You are too small for most types of armour.
You have supernaturally acute eyesight. (SInv)
You cover ground extremely quickly. (Speed+++)
Your spells are a little harder to cast, but a little more powerful.
Potions are less effective at restoring your health.
You expend magic power (3 MP) to strengthen your wands.


Message History

Confirm with . or Enter, or press ? or * to list all spells.
There is nothing nearby to animate!
There is a broken door here.
Things that are here:
a +0 dagger; a +0 robe
Casting: Animate Skeleton (safe; 38% risk of failure)
Confirm with . or Enter, or press ? or * to list all spells.
There is nothing nearby to animate!
There is a fountain of clear blue water here.
There is a fountain of clear blue water here.
As you open the door, it creaks loudly!
You hear a shout!
Found three altars.
A deep elf pyromancer comes into view.
It is wielding a +0 long sword of holy wrath.
There is an open door here.
The deep elf pyromancer casts a spell at you.
The bolt of fire misses you.
There is an open door here.
You barely miss the deep elf pyromancer.
The deep elf pyromancer hits you with a +0 long sword of holy wrath!
You hit the deep elf pyromancer.
The deep elf pyromancer is lightly wounded.
The deep elf pyromancer casts a spell at you.
The bolt of fire misses you.
Your wizard skeleton barely misses the deep elf pyromancer.
You hit the deep elf pyromancer.
The deep elf pyromancer is poisoned.
The deep elf pyromancer is lightly wounded.
The deep elf pyromancer casts a spell.
You miss the deep elf pyromancer.
The deep elf pyromancer is lightly wounded.
Your wizard skeleton hits the deep elf pyromancer with a +0 dagger.
The fire elemental misses you.
The deep elf pyromancer barely misses you.
You barely miss the deep elf pyromancer.
The deep elf pyromancer is moderately wounded.
The fire elemental completely misses you.
Your wizard skeleton hits the deep elf pyromancer with a +0 dagger!
The deep elf pyromancer gestures at you while chanting.
The bolt of fire hits you!!
Ouch! That really hurt!
You die...

▓▓▓▓▓▓ ▓▓▓ .'...♣♣
♣.##### †#....♣♣♣
♣♣.#___# ##....♣.♣
♣..#☼○E#
.#....≈♣♣♣♣..###e#+###+#
.#...≈≈......#.Z@E......
.#..≈≈≈≈..♣♣.'.⌠........
'#..≈≈≈≈≈≈♣♣.#...######+
[#.≈≈≈≈≈≈....#)⌠.#
.#.≈≈≈≈≈.....#...#
.#.≈≈≈.......#'###
##.÷.........#...#
.............#___#
▓▓▓▓▓▓▓▓▓▓▓▓▓▓▓▓▓▓


You could see a deep elf pyromancer (very poisoned, ally target), 2 fire
elementals and a friendly wizard skeleton.

Vanquished Creatures
  A water elemental (D)
  Crazy Yiuf (D)
  A wizard (D)
  Jessica (D)
  A kobold demonologist (D)
  A human (D)
  An endoplasm (D)
  2 rats (D)
9 creatures vanquished.

Notes
Turn   | Place    | Note
-------+----------+-------------------------------------------
     0 | D        | Rocko1345 the Spriggan Artificer began the quest for the
                  | Orb.
     0 | D        | Reached XP level 1. HP: 9/9 MP: 2/2
    11 | D        | Reached skill level 5 in Evocations
    45 | D        | Noticed Jessica
    46 | D        | Killed Jessica
    47 | D        | Reached skill level 8 in Evocations
    47 | D        | Reached XP level 2. HP: 14/14 MP: 3/3
    55 | D        | Reached XP level 3. HP: 17/17 MP: 4/4
    81 | D        | Noticed Crazy Yiuf
   101 | D        | Killed Crazy Yiuf
   102 | D        | Reached skill level 5 in Dodging
   102 | D        | Reached skill level 9 in Evocations
   137 | D        | Reached skill level 10 in Evocations
   137 | D        | Reached XP level 4. HP: 10/21 MP: 5/5
   149 | D        | Gained mutation: You are dopey. (Int -2) [potion of
                  | mutation]
   149 | D        | Lost mutation: You are dopey. (Int -2) [potion of mutation]
   150 | D        | Gained mutation: Potions are less effective at restoring
                  | your health. [potion of mutation]
   150 | D        | Gained mutation: You expend magic power (3 MP) to
                  | strengthen your wands. [potion of mutation]
   150 | D        | Gained mutation: Your spells are a little harder to cast,
                  | but a little more powerful. [potion of mutation]
   332 | D        | Noticed a water elemental
   358 | D        | Killed a water elemental
   359 | D        | Reached skill level 12 in Evocations
   359 | D        | Reached XP level 5. HP: 25/25 MP: 0/6
   424 | D        | Found a radiant altar of Vehumet.
   424 | D        | Found a shimmering blue altar of Sif Muna.
   424 | D        | Found an ancient bone altar of Kikubaaqudgha.
   446 | D        | Noticed a hellwing
   447 | D        | Reached skill level 1 in Fighting
   447 | D        | Reached skill level 13 in Evocations
   621 | D        | Learned a level 1 spell: Animate Skeleton
   694 | D        | Found a glowing silver altar of Zin.
   694 | D        | Found a glowing golden altar of the Shining One.
   694 | D        | Found a white marble altar of Elyvilon.
   695 | D        | Noticed a deep elf pyromancer
   702 | D        | Noticed a fire elemental
   702 | D        | Noticed a fire elemental
   703 | D        | Killed from afar by a deep elf pyromancer

Illustrated notes

Levels and vault maps discovered:
D:        dungeon_sprint_mu [sprint_mu_entry_forest, sprint_mu_temple_rooms,
          sprint_mu_d1_horrors, sprint_mu_d2_genie, sprint_mu_d3_branching,
          sprint_mu_orc_legion, sprint_mu_elf_gauntlet, sprint_mu_hive_nellie,
          sprint_mu_lair_fedhas, sprint_mu_vaults_butterflies,
          sprint_mu_slime_circle, sprint_mu_shoals_archi,
          sprint_mu_snake_twists, sprint_mu_blade_basic,
          sprint_mu_crypt_fortress, sprint_mu_tomb_spiral,
          sprint_mu_vestibule_basic, sprint_mu_gehenna_hellfire,
          sprint_mu_dis_giant, sprint_mu_tartarus_statrot,
          sprint_mu_cocytus_islands, sprint_mu_zot1]

Skill      XL: |  1  2  3  4  5 |
---------------+----------------+-----
Evocations     | 8 10 12 13 | 13.4
Dodging        | 4 5 6 |  6.7
Stealth        | 2 |  2.7
Fighting       | 1 |  1.0

Action                   |  1- 3 |  4- 6 || total
-------------------------+-------+-------++-------
Melee: Club              |     9 |       ||     9
       Dagger            |     8 |    19 ||    27
 Cast: Animate Skeleton  |       |     1 ||     1
Evoke: Wand              |     4 |     7 ||    11
  Use: Potion            |       |     2 ||     2
       Scroll            |       |     1 ||     1
Armor: Robe              |       |     6 ||     6
Dodge: Dodged            |    18 |    47 ||    65

Table legend: (Time is in decaauts)
 A = Elapsed time spent in this place.
 B = Non-inter-level travel time spent in this place.
 C = Inter-level travel time spent in this place.
 D = Time resting spent in this place.
 E = Time spent auto-exploring this place.
 F = Levels seen in this place.
 G = Mean time per level.
                   A        B        C        D        E       F      G
               +--------+--------+--------+--------+--------+-----+--------+
         Total |    623 |    623 |      0 |    421 |      1 |   1 |  623.0 |
       Dungeon |    623 |    623 |      0 |    421 |      1 |   1 |  623.0 |
               +--------+--------+--------+--------+--------+-----+--------+

Top non-repeatable levels by time:
       D: 623 daAuts
